 Dungeon Crawl Stone Soup version 0.31.0-11-ge490571c62 (webtiles) character file.

Game seed: 3766813464171465584

109 Arctor the Firebug (level 4, -4/24 HPs)
             Began as a Deep Elf Fire Elementalist on Feb 3, 2024.
             Slain by Robin
             ... wielding a +0 falchion
              (7 damage)
             ... on level 3 of the Dungeon.
             The game lasted 00:02:02 (3115 turns).

Arctor the Firebug (Deep Elf Fire Elementalist)     Turns: 3115, Time: 00:02:04

Health: -4/24      AC:  2    Str:  5    XL:     4   Next: 60%
Magic:  5/11       EV: 13    Int: 22    God:
Gold:   122        SH:  0    Dex: 15    Spells: 9/10 levels left

rFire   . . .        (no weapon)
rCold   . . .        (no shield)
rNeg    . . .        a - +0 robe
rPois   .            (no helmet)
rElec   .            (no cloak)
rCorr   .            (no gloves)
SInv    .            (no boots)
Will    .....        (no amulet)
Stlth   ++           (no ring)
HPRegen 0.24/turn    (no ring)
MPRegen 0.12/turn

%: no passive effects
@: no status effects
A: no striking features
a: no special abilities


You were on level 3 of the Dungeon.
You visited 1 branch of the dungeon, and saw 3 of its levels.

You collected 122 gold pieces.

Inventory:

Armour
 a - a +0 robe (worn)
Jewellery
 i - a +5 ring of evasion
Wands
 l - a wand of charming (11)
Scrolls
 f - a scroll of blinking {unknown}
 j - 3 scrolls of teleportation {unknown}
 k - a scroll of identify {unknown}
Potions
 b - a potion of magic
 c - a potion of brilliance {unknown}
 d - 2 potions of resistance {unknown}
 e - 2 potions of lignification {unknown}
 g - a potion of curing {unknown}
 h - a potion of cancellation {unknown}
 m - a potion of invisibility {unknown}
 n - a potion of degeneration {unknown}


   Skills:
 + Level 3.4 Dodging
 + Level 3.5 Stealth
 + Level 3.9 Spellcasting
 + Level 2.3 Conjurations
 + Level 4.0 Fire Magic


You had 9 spell levels left.
You knew the following spells:

 Your Spells              Type           Power      Damage    Failure   Level
a - Foxfire               Conj/Fire      72%        2x1d7     3%          1

Your spell library contained the following spells:

 Spells                   Type           Power      Damage    Failure   Level
 Scorch                   Fire           44%        2d6       3%          2
 Inner Flame              Hex/Fire       13%        N/A       14%         3
 Volatile Blastmotes      Fire/Tloc      26%        2d12      14%         3
 Flame Wave               Conj/Fire      18%        2d7       30%         4


Dungeon Overview and Level Annotations

Branches:
Dungeon (3/15)

Altars:

Annotations:
D:3 Robin


Message History

You conjure some foxfire!
The goblin no longer looks unusually strong.
The foxfire hits the hobgoblin.
The hobgoblin is moderately wounded.
The foxfire hits the hobgoblin.
The hobgoblin is severely wounded.
Casting: Foxfire (safe; 3% risk of failure)
Confirm with . or Enter, or press ? or * to list all spells.
You conjure some foxfire!
The hobgoblin barely misses you.
Your magical contamination has completely faded away.
The foxfire hits the goblin.
You kill the goblin!
The foxfire hits the hobgoblin!
You kill the hobgoblin!
Casting: Foxfire (safe; 3% risk of failure)
Confirm with . or Enter, or press ? or * to list all spells.
You conjure some foxfire!
The goblin hits you with a +0 dagger.
The foxfire hits the goblin.
The goblin is heavily wounded.
The foxfire hits the goblin.
You kill the goblin!
Robin roars a battlecry!
The hobgoblin goes into a battle-frenzy!
The hobgoblin closely misses you.
You hear a shout!
The hobgoblin hits you.
Sorry, you're not good enough to have a special ability.
Casting: Foxfire (safe; 3% risk of failure)
Confirm with . or Enter, or press ? or * to list all spells.
You conjure some foxfire!
The hobgoblin hits you.
* * * LOW HITPOINT WARNING * * *
Sorry, you're not good enough to have a special ability.
Sorry, you're not good enough to have a special ability.
The foxfire hits Robin.
Robin is lightly wounded.
The foxfire hits Robin.
Robin is moderately wounded.
Robin hits you with a +0 falchion!
You die...
Robin says, "And that's why I'm the boss."

####.#.# .......#
.[....# ......#
#.....#####
###########g#.......#
#...§.g.....#g..†...#
#....@g)............#
#...........#.......#
#...........#.g...†.#
#############g......##
##.........
###........##
#...g........
#......#####.
#...⌠.##.. ##


You could see Robin and 2 hobgoblins.

Vanquished Creatures
  5 adders (D:2)
  3 ribbon worms
  3 bats
  An endoplasm (D:2)
  2 giant cockroaches
  10 goblins
  4 hobgoblins
  3 jackals (D:1)
  A quokka (D:3)
  3 ball pythons
  3 frilled lizards
  9 kobolds
  8 rats
55 creatures vanquished.

Vanquished Creatures (others)
  311 foxfires
311 creatures vanquished.

Grand Total: 366 creatures vanquished

Notes
Turn   | Place    | Note
-------+----------+-------------------------------------------
     0 | D:1      | Arctor the Deep Elf Fire Elementalist began the quest for
                  | the Orb.
     0 | D:1      | Reached XP level 1. HP: 10/10 MP: 6/6
   460 | D:1      | Reached XP level 2. HP: 15/15 MP: 5/8
  1507 | D:2      | Reached XP level 3. HP: 19/19 MP: 6/9
  1915 | D:2      | Reached XP level 4. HP: 24/24 MP: 5/11
  3077 | D:3      | Found a faded altar of an unknown god.
  3077 | D:3      | Noticed Robin
  3107 | D:3      | Reached skill level 4 in Fire Magic
  3115 | D:3      | Slain by Robin

Illustrated notes

Levels and vault maps discovered:
D:1:      minmay_arrival_up_and_down, layout_basic
D:2:      layout_rooms
D:3:      layout_basic, nicolae_overflow_ecumenical_swirl, minivault_23,
          grunt_ministairs_6, uniq_robin, uniq_ijyb, uniq_crazy_yiuf_cottage

Skill      XL: |  1  2  3  4 |
---------------+-------------+-----
Stealth        | 3 |  3.5
Dodging        | 3 |  3.4
Conjurations   | 2 |  2.3
Fire Magic     | 4 |  4.0
Spellcasting   | |  3.9

Action                     |  1- 3 |  4- 6 || total
---------------------------+-------+-------++-------
  Melee: Unarmed           |    27 |     3 ||    30
         Punch             |     1 |       ||     1
   Cast: Foxfire           |   104 |    88 ||   192
   Stab: Sleeping          |     1 |       ||     1
 Armour: Robe              |    24 |    25 ||    49
  Dodge: Dodged            |    31 |    38 ||    69
